Unix NetHack Version 3.7.0-97 Work-in-progress - last build Feb 8 2024 15:05:57 (6d6cdf8371b60126770a3d7b88910941cb14a054,branch:master). Game began 2024-02-25 16:41:35, ended 2024-02-26 18:51:16. spontiff, neutral male gnomish Healer --------------- |.>.......[....##### ------------- ---------- |.............| # |.....&@....| |....>...| ####...............### ### |.....&&f....# |.........##### |.............| ####### |...........|####|........| |.............| # #----------- |..........<.# #--|------- --------------- # #-..{......| --------|-.--# #### |.........| ####### ##### |.........| ######## # # #-.........| ###### ######## )####------.---- ---.-- #---.-------- ----------+-- #* # |....| #|..........| |...........-## |....| #|.......{..| |...........| |.....#######...........| ............| |....| ------------ ------------- ------ Spontiff the Rhizotomist St:8 Dx:9 Co:18 In:11 Wi:15 Ch:16 Neutral S:354 Dlvl:4 $:0 HP:0(44) Pw:6(6) AC:6 Xp:1/1 T:3769 Hungry Latest messages: Where do you want to travel to? (For instructions type a '?') The large cat misses it. The large cat misses it. You hear some noises in the distance. You hear some noises. You hear some noises in the distance. The large cat bites the newt. The newt is killed! Wait! There's something there you can't see! It hits! It hits! It bites! What do you want to use or apply? [fswS or ?*] s In what direction? l There is a water demon there. Status of the water demon (chaotic, medium): Level 7 HP 33(33) AC -7, invisible. A water demon appears in a cloud of vapor! It hits! It hits! It bites! A water demon appears in a cloud of vapor! It hits! It hits! It bites! The water demon hits! The water demon hits! The water demon bites! The water demon hits! The water demon hits! The water demon bites! You stop. Your large cat is in the way! The water demon hits! The water demon hits! The water demon bites! A water demon appears in a cloud of vapor! The water demon hurls a magenta potion! The bottle crashes on your head and breaks into shards. The magenta potion evaporates. Something seems to be holding you. The large cat misses the water demon. The water demon hits! The water demon hits! The water demon bites! The water demon hits! The water demon hits! The water demon bites! You die... Do you want your possessions identified? [ynq] (y) y Do you want to see the dungeon overview? [ynq] (y) y Inventory: Amulets A - an uncursed amulet of unchanging (being worn) Weapons W - 6 uncursed poisoned +0 silver arrows u - 5 uncursed +0 darts K - an uncursed +0 scalpel (alternate weapon; not wielded) Armor h - an uncursed +0 orcish helm (being worn) g - an uncursed +1 pair of leather gloves (being worn) q - an uncursed +0 alchemy smock with text "Gehennom's Kitchen" (being worn) Comestibles y - an uncursed apple n - an uncursed food ration Potions c - an uncursed potion of healing Wands S - an uncursed wand of sleep (0:6) Tools f - an uncursed sack containing 23 items w - an uncursed mirror s - an uncursed stethoscope Gems/Stones t - an uncursed worthless piece of yellow glass Contents of the sack: 175 gold pieces an uncursed poisoned +0 silver arrow a blessed +2 orcish dagger 2 uncursed +0 orcish daggers an uncursed scroll of confuse monster an uncursed scroll of enchant armor an uncursed scroll of identify a cursed scroll of light an uncursed scroll of taming an uncursed potion of acid an uncursed potion of blindness a blessed potion of booze a blessed diluted potion of confusion an uncursed potion of extra healing an uncursed potion of fruit juice 2 cursed potions of gain ability an uncursed potion of gain energy a cursed potion of monster detection an uncursed potion of see invisible an uncursed potion of speed a cursed potion of speed 3 potions of holy water an uncursed wand of slow monster (0:6) Spontiff the Healer's attributes: Background: You were a Rhizotomist, a level 1 male gnomish Healer. You were neutral, on a mission for Hermes who was opposed by Athena (lawful) and Poseidon (chaotic). You were right-handed. You were in the Dungeons of Doom, on level 4. You entered the dungeon 3769 turns ago. There was a full moon in effect when your adventure ended. You had 1 experience point, 19 more were needed to attain level 2. Your score was 354 before end-of-game adjustments. Basics: You had 0 out of 44 hit points. You had all 6 energy points (spell power). Your armor class was 6. Your wallet was empty, but you had 175 zorkmids stashed away in your pack. Autopickup was on for '$!/="?' plus thrown, with exceptions. Final Characteristics: Your strength was 8 (limit:18/50). Your dexterity was 9 (limit:18). Your constitution was 18 (limit:18). Your intelligence was 11 (limit:19). Your wisdom was 15 (limit:18). Your charisma was 16 (limit:18). Final Status: You were hungry. You were unencumbered. You were empty handed. You were unskilled in bare handed combat. Final Attributes: You were devoutly aligned. You were poison resistant. You were acid resistant. Your items were protected from acid. You had infravision. You were warded. You couldn't change from your current form. You were lucky. You are dead. Miscellaneous: You never encountered a bones level. Total elapsed playing time was 1 hour, 41 minutes and 15 seconds. Major events: Turn 1: spontiff the neutral male gnomish Healer entered the dungeon 1305: entered the Gnomish Mines 3769: killed by a water demon, while frozen by a potion Vanquished creatures: a homunculus a kobold leader a giant bat a monkey 3 orc zombies a wererat a werejackal 3 iguanas 2 acid blobs a hobbit a large kobold 2 hobgoblins 2 giant rats a yellow mold a green mold a red mold a gnome 5 geckos 9 jackals 2 foxes a kobold 4 goblins 8 grid bugs 6 lichens 5 kobold zombies 12 newts 76 creatures vanquished. No species were genocided or became extinct. Voluntary challenges: You never hit with a wielded weapon. You read items or engraved 1 time. You never engraved Elbereth. You never genocided any monsters. You never polymorphed an object. You never changed form. You used no wishes. Achievements: You entered a shop. You entered the Gnomish Mines. The Dungeons of Doom: levels 1 to 8 Level 1: Level 2: "vault" A potion shop. Level 3: "Stashlet" An altar to Hermes. Level 4: <- You were here. Some fountains. Stairs down to The Gnomish Mines. Final resting place for you, killed by a water demon, while frozen by a potion. Level 5: A fountain. Level 6: A bookstore. Level 7: Level 8: The Gnomish Mines: Level 5: Game over: ---------- / \ / REST \ / IN \ / PEACE \ / \ | spontiff | | 175 Au | | killed by a | | water demon | | | | | | 2024 | *| * * * | * _________)/\\_//(\/(/\)/\//\/|_)_______ Goodbye spontiff the Healer... You died in The Dungeons of Doom on dungeon level 4 with 354 points, and 175 pieces of gold, after 3769 moves. You were level 1 with a maximum of 44 hit points when you died.